| TOP OF THE 1ST |
|
Mobile Bears batting - Pitching for Asheville Tourists : RHP Tom Layton
|
|
Pitching: RHP Tom Layton
|
|
|
Batting: LHB Mike Woodard
|
0-0: Called Strike 0-1: Ball 1-1: Foul Ball, location: 2F 1-2: Ball 2-2: Ground out 1-3 (Groundball, 23, EV 89.4 MPH)
|
|
Batting: LHB Derwin McNealy
|
0-0: Ball 1-0: Called Strike 1-1: SINGLE (Groundball, 4MD, EV 104.4 MPH)
|
|
Batting: SHB Paul Hundhammer
|
0-0: Ball 1-0: Swinging Strike 1-1: Ball 2-1: Ball 3-1: Foul Ball, location: 2F 3-2: Base on Balls Derwin McNealy to second
|
|
Batting: LHB Pat Dodson
|
0-0: Ball 1-0: Ball 2-0: Ball 3-0: Base on Balls Derwin McNealy to third Paul Hundhammer to second
|
|
Batting: LHB Douglas Latrenta
|
0-0: SINGLE (Line Drive, 9S, EV 100.0 MPH) Derwin McNealy scores Paul Hundhammer to third Pat Dodson to second Runner from 3rd tries for Home, SAFE, no throw by RF
|
|
Batting: RHB Terry Tyson
|
0-0: Foul Ball, location: 2F 0-1: Swinging Strike 0-2: Foul Ball, location: 2F 0-2: Fly out, F8 (Flyball, 8RM, EV 92.5 MPH)
|
|
Batting: RHB Leo Vargas
|
0-0: Called Strike 0-1: Called Strike 0-2: Ball 1-2: Ball 2-2: Foul Ball, location: 2F 2-2: Strikes out swinging
|
| Top of the 1st over - 2 runs, 2 hits, 0 errors, 2 left on base; Mobile 2 - Asheville 0 |
| BOTTOM OF THE 1ST |
|
Asheville Tourists batting - Pitching for Mobile Bears : RHP Jose Rijo
|
|
Pitching: RHP Jose Rijo
|
|
|
Batting: RHB Ulises Infante
|
0-0: Called Strike 0-1: Ground out 3-1 (Groundball, 34, EV 77.5 MPH)
|
|
Batting: SHB Julio Estrada
|
0-0: Called Strike 0-1: Ground out 6-3 (Groundball, 6, EV 86.9 MPH)
|
|
Batting: RHB John Damon
|
0-0: Ball 1-0: Ball 2-0: Ball 3-0: Called Strike 3-1: Base on Balls
|
|
Batting: RHB Bill Lindsey
|
0-0: Foul Ball, location: 2F 0-1: Ball 1-1: Foul Ball, location: 2F 1-2: Strikes out looking
|
| Bottom of the 1st over - 0 runs, 0 hits, 0 errors, 1 left on base; Mobile 2 - Asheville 0 |
| TOP OF THE 2ND |
|
Mobile Bears batting - Pitching for Asheville Tourists : RHP Tom Layton
|
|
Batting: SHB Vern Followell
|
0-0: Ball 1-0: Ball 2-0: Ball 3-0: Base on Balls
|
|
Batting: RHB Daniel Winslow
|
0-0: Called Strike 0-1: Ball 1-1: SINGLE (Line Drive, 4M, EV 94.4 MPH) Vern Followell to second
|
|
Batting: LHB Mike Woodard
|
0-0: Ball 1-0: Called Strike 1-1: Called Strike 1-2: Strikes out swinging
|
|
Batting: LHB Derwin McNealy
|
0-0: Swinging Strike 0-1: Ball 1-1: Grounds out, U3 (Groundball, 3L, EV 107.5 MPH) Vern Followell to third
|
|
Batting: SHB Paul Hundhammer
|
0-0: Ball 1-0: Called Strike 1-1: Swinging Strike 1-2: Foul Ball, location: 2F 1-2: Strikes out looking
|
| Top of the 2nd over - 0 runs, 1 hit, 0 errors, 2 left on base; Mobile 2 - Asheville 0 |
| BOTTOM OF THE 2ND |
|
Asheville Tourists batting - Pitching for Mobile Bears : RHP Jose Rijo
|
|
Batting: SHB Dan Hanggie
|
0-0: Ball 1-0: Fly out, F8 (Flyball, 89D, EV 96.3 MPH)
|
|
Batting: RHB Steven Campbell
|
0-0: Ball 1-0: Ball 2-0: Called Strike 2-1: Swinging Strike 2-2: Foul Ball, location: 2F 2-2: Fly out, F9 (Flyball, 9S, EV 78.1 MPH)
|
|
Batting: LHB Elias Nava
|
0-0: Swinging Strike 0-1: Ball 1-1: Ball 2-1: Ball 3-1: Base on Balls
|
|
Batting: RHB Daniel Gausepohl
|
0-0: Ball 1-0: Swinging Strike 1-1: Foul Ball, location: 2F 1-2: Ground out U3 (Groundball, 34, EV 78.8 MPH)
|
| Bottom of the 2nd over - 0 runs, 0 hits, 0 errors, 1 left on base; Mobile 2 - Asheville 0 |
| TOP OF THE 3RD |
|
Mobile Bears batting - Pitching for Asheville Tourists : RHP Tom Layton
|
|
Batting: LHB Pat Dodson
|
0-0: Ball 1-0: Ball 2-0: Ball 3-0: Swinging Strike 3-1: Base on Balls
|
|
Batting: LHB Douglas Latrenta
|
0-0: Swinging Strike 0-1: Called Strike 0-2: Ball 1-2: Foul Ball, location: 2F 1-2: Foul Ball, location: 2F 1-2: Ball 2-2: Ball 3-2: Fielders Choice at 2nd, 1-6 (Groundball, 13S, EV 75.0 MPH)
|
|
Batting: RHB Terry Tyson
|
0-0: Called Strike 0-1: SINGLE (Line Drive, 9LM, EV 98.8 MPH) Douglas Latrenta to second Runner from 2nd tries for 3rd, SAFE, no throw by RF
|
|
Batting: RHB Leo Vargas
|
0-0: Ball 1-0: Called Strike 1-1: Foul Ball, location: 2F 1-2: Foul Ball, location: 2F 1-2: Ball 2-2: Ball 3-2: SINGLE (Groundball, 56, EV 89.4 MPH) (infield hit) Douglas Latrenta scores Terry Tyson to second
|
|
Batting: SHB Vern Followell
|
0-0: Ball 1-0: Foul Ball, location: 2F 1-1: Grounds into double play, 6-4-3 (Groundball, 6, EV 85.6 MPH)
|
| Top of the 3rd over - 1 run, 2 hits, 0 errors, 1 left on base; Mobile 3 - Asheville 0 |
| BOTTOM OF THE 3RD |
|
Asheville Tourists batting - Pitching for Mobile Bears : RHP Jose Rijo
|
|
Batting: RHB Jack Ramirez
|
0-0: Ball 1-0: SINGLE (Groundball, 34D, EV 101.3 MPH)
|
|
Batting: RHB Ulises Infante
|
0-0: Ball 1-0: Foul Ball, location: 2F 1-1: Ball 2-1: Called Strike 2-2: Strikes out swinging
|
|
Batting: SHB Julio Estrada
|
0-0: Swinging Strike 0-1: Ball 1-1: Fielders Choice at 2nd, 3-6 (Groundball, 3S, EV 80.6 MPH)
|
|
Batting: RHB John Damon
|
0-0: Ball 1-0: Ball 2-0: Ball 3-0: Base on Balls Julio Estrada to second
|
|
Batting: RHB Bill Lindsey
|
0-0: Called Strike 0-1: Ground out 1-3 (Groundball, P, EV 66.3 MPH)
|
| Bottom of the 3rd over - 0 runs, 1 hit, 0 errors, 2 left on base; Mobile 3 - Asheville 0 |
| TOP OF THE 4TH |
|
Mobile Bears batting - Pitching for Asheville Tourists : RHP Tom Layton
|
|
Batting: RHB Daniel Winslow
|
0-0: Ball 1-0: Ball 2-0: Called Strike 2-1: Foul Ball, location: 2F 2-2: Foul Ball, location: 2F 2-2: Ground out 5-3 (Groundball, 6S, EV 76.3 MPH)
|
|
Batting: LHB Mike Woodard
|
0-0: Called Strike 0-1: Ground out 1-3 (Groundball, P, EV 64.4 MPH)
|
|
Batting: LHB Derwin McNealy
|
0-0: Called Strike 0-1: Fly out, F8 (Flyball, 8RD, EV 82.5 MPH)
|
| Top of the 4th over - 0 runs, 0 hits, 0 errors, 0 left on base; Mobile 3 - Asheville 0 |
| BOTTOM OF THE 4TH |
|
Asheville Tourists batting - Pitching for Mobile Bears : RHP Jose Rijo
|
|
Batting: SHB Dan Hanggie
|
0-0: SINGLE (Flyball, 8RS, EV 92.5 MPH)
|
|
Batting: RHB Steven Campbell
|
0-0: Ball 1-0: 2-RUN HOME RUN (Flyball, 78XD, EV 103.1 MPH), Distance : 408 ft
|
|
Batting: LHB Elias Nava
|
0-0: Foul Ball, location: 2F 0-1: Ground out 4-3 (Groundball, 4, EV 105.0 MPH)
|
|
Batting: RHB Daniel Gausepohl
|
0-0: Ball 1-0: Swinging Strike 1-1: Foul Ball, location: 2F 1-2: Foul Ball, location: 2F 1-2: Ball 2-2: SOLO HOME RUN (Flyball, 7LD, EV 101.3 MPH), Distance : 351 ft
|
|
Batting: RHB Jack Ramirez
|
0-0: Called Strike 0-1: Foul Ball, location: 2F 0-2: Ball 1-2: Ball 2-2: Strikes out looking
|
|
Batting: RHB Ulises Infante
|
0-0: Ground out 3-1 (Groundball, 34, EV 103.8 MPH)
|
| Bottom of the 4th over - 3 runs, 3 hits, 0 errors, 0 left on base; Mobile 3 - Asheville 3 |
| TOP OF THE 5TH |
|
Mobile Bears batting - Pitching for Asheville Tourists : RHP Tom Layton
|
|
Batting: SHB Paul Hundhammer
|
0-0: Ground out 1-3 (Groundball, 13S, EV 63.8 MPH)
|
|
Batting: LHB Pat Dodson
|
0-0: Fly out, F7 (Flyball, 7S, EV 88.8 MPH)
|
|
Batting: LHB Douglas Latrenta
|
0-0: Ball 1-0: Foul Ball, location: 2F 1-1: Called Strike 1-2: Ball 2-2: Ball 3-2: Base on Balls
|
|
Batting: RHB Terry Tyson
|
0-0: Ball 1-0: Ball 2-0: Foul Ball, location: 2F 2-1: Fly out, F8 (Flyball, 89D, EV 111.3 MPH)
|
| Top of the 5th over - 0 runs, 0 hits, 0 errors, 1 left on base; Mobile 3 - Asheville 3 |
| BOTTOM OF THE 5TH |
|
Asheville Tourists batting - Pitching for Mobile Bears : RHP Jose Rijo
|
|
Batting: SHB Julio Estrada
|
0-0: Ball 1-0: Ball 2-0: Ball 3-0: Called Strike 3-1: Base on Balls
|
|
Batting: RHB John Damon
|
0-0: Ball 1-0: Foul Ball, location: 2F 1-1: Ball 2-1: Swinging Strike 2-2: Fielders Choice at 2nd, 6-4 (Groundball, 6, EV 88.1 MPH)
|
|
Batting: RHB Bill Lindsey
|
0-0: Ball 1-0: Called Strike 1-1: Foul Ball, location: 2F 1-2: Strikes out looking
|
|
Batting: SHB Dan Hanggie
|
0-0: Ground out U3 (Groundball, 3, EV 80.6 MPH)
|
| Bottom of the 5th over - 0 runs, 0 hits, 0 errors, 1 left on base; Mobile 3 - Asheville 3 |
| TOP OF THE 6TH |
|
Mobile Bears batting - Pitching for Asheville Tourists : RHP Tom Layton
|
|
Batting: RHB Leo Vargas
|
0-0: Called Strike 0-1: Ball 1-1: Foul Ball, location: 2F 1-2: Ball 2-2: Ball 3-2: Base on Balls
|
|
Batting: SHB Vern Followell
|
0-0: Ball 1-0: Called Strike 1-1: Foul Ball, location: 2F 1-2: Foul Ball, location: 2F 1-2: Ball 2-2: Ball 3-2: Foul Ball, location: 2F 3-2: Fly out, F8 (Flyball, 8RS, EV 81.9 MPH)
|
|
Pitching: RHP Frank DeJiulio
|
|
|
Batting: RHB Daniel Winslow
|
0-0: Ball 1-0: Swinging Strike 1-1: Fly out, F8 (Flyball, 8LS, EV 80.0 MPH)
|
|
Batting: LHB Mike Woodard
|
0-0: Ball 1-0: Ball 2-0: Foul Ball, location: 2F 2-1: Ball 3-1: Base on Balls Leo Vargas to second
|
|
Batting: LHB Derwin McNealy
|
0-0: Called Strike 0-1: SINGLE (Groundball, 4MD, EV 100.0 MPH) Leo Vargas to third Mike Woodard to second Runner from 3rd tries for Home, SAFE, no throw by CF
|
|
Batting: SHB Paul Hundhammer
|
0-0: Called Strike 0-1: Ball 1-1: Called Strike 1-2: Foul Ball, location: 2F 1-2: Ball 2-2: Ball 3-2: Base on Balls Mike Woodard to third Derwin McNealy to second
|
|
Batting: LHB Pat Dodson
|
0-0: Called Strike 0-1: Foul Ball, location: 2F 0-2: Ball 1-2: Strikes out swinging
|
| Top of the 6th over - 1 run, 1 hit, 0 errors, 3 left on base; Mobile 4 - Asheville 3 |
| BOTTOM OF THE 6TH |
|
Asheville Tourists batting - Pitching for Mobile Bears : RHP Jose Rijo
|
|
Batting: RHB Steven Campbell
|
0-0: Foul Ball, location: 2F 0-1: Ball 1-1: Ball 2-1: Ball 3-1: Base on Balls
|
|
Batting: LHB Elias Nava
|
0-0: Bunt missed! 0-1: Ball 1-1: Called Strike 1-2: Ball 2-2: Foul Ball, location: 2F 2-2: Fly out, F6 (Line Drive, 6, EV 75.0 MPH)
|
|
Batting: RHB Daniel Gausepohl
|
0-0: Ball Steven Campbell is caught stealing 2nd base 2-4 1-0: Ball 2-0: Ball 3-0: Base on Balls
|
|
Batting: RHB Jack Ramirez
|
0-0: Called Strike 0-1: Ground out 4-3 (Groundball, 4M, EV 105.0 MPH)
|
| Bottom of the 6th over - 0 runs, 0 hits, 0 errors, 1 left on base; Mobile 4 - Asheville 3 |
| TOP OF THE 7TH |
|
Mobile Bears batting - Pitching for Asheville Tourists : RHP Frank DeJiulio
|
|
Batting: LHB Douglas Latrenta
|
0-0: Ball 1-0: Called Strike 1-1: Foul Ball, location: 2F 1-2: DOUBLE (Flyball, 8RXD, EV 105.0 MPH)
|
|
Pinch Runner at 2nd Howard Shapiro:
|
|
|
Batting: RHB Terry Tyson
|
0-0: Ball 1-0: Called Strike 1-1: SINGLE (Groundball, 25, EV 62.5 MPH) (infield hit) Howard Shapiro to third
|
|
Batting: RHB Leo Vargas
|
0-0: Called Strike 0-1: Called Strike 0-2: Strikes out swinging
|
|
Batting: SHB Vern Followell
|
0-0: Fly out, F5 (Popup, 56, EV 58.1 MPH)
|
|
Batting: RHB Daniel Winslow
|
0-0: Fly out, F8 (Line Drive, 8LM, EV 98.1 MPH)
|
| Top of the 7th over - 0 runs, 2 hits, 0 errors, 2 left on base; Mobile 4 - Asheville 3 |
| BOTTOM OF THE 7TH |
|
Asheville Tourists batting - Pitching for Mobile Bears : RHP Jose Rijo
|
|
Now in RF: Michael Thompson
|
|
|
Batting: RHB Ulises Infante
|
0-0: Ball 1-0: Called Strike 1-1: Foul Ball, location: 2F 1-2: Ball 2-2: Ball 3-2: Base on Balls
|
|
Batting: SHB Julio Estrada
|
0-0: Ball 1-0: Ball 2-0: Sac Bunt to 13S - play at first, batter OUT! 1-4 Ulises Infante to second
|
|
Batting: RHB John Damon
|
0-0: Ball 1-0: Called Strike 1-1: SINGLE (Groundball, 34S, EV 62.5 MPH) (infield hit) Ulises Infante to third
|
|
Batting: RHB Bill Lindsey
|
0-0: Swinging Strike 0-1: Ball 1-1: Ball 2-1: Foul Ball, location: 2F 2-2: Ball 3-2: Foul Ball, location: 2F 3-2: Foul Ball, location: 2F 3-2: Base on Balls John Damon to second
|
|
Batting: SHB Dan Hanggie
|
0-0: Called Strike 0-1: Ball 1-1: Grounds into fielders choice 3-2 (Groundball, 34, EV 103.8 MPH) John Damon to third Bill Lindsey to second
|
|
Batting: RHB Steven Campbell
|
0-0: Called Strike 0-1: Ball 1-1: Ball 2-1: Foul Ball, location: 2F 2-2: Ball 3-2: SINGLE (Groundball, 56D, EV 105.0 MPH) John Damon scores Bill Lindsey to third Dan Hanggie to second Bill Lindsey scores Dan Hanggie to third
|
|
Pitching: RHP Brent Adams
|
|
|
Batting: LHB Elias Nava
|
0-0: Ball 1-0: Foul Ball, location: 2F 1-1: Ball 2-1: Ball 3-1: Base on Balls Steven Campbell to second
|
|
Batting: RHB Daniel Gausepohl
|
0-0: Ball 1-0: Fly out, F9 (Flyball, 89M, EV 79.4 MPH)
|
| Bottom of the 7th over - 2 runs, 2 hits, 0 errors, 3 left on base; Mobile 4 - Asheville 5 |
| TOP OF THE 8TH |
|
Mobile Bears batting - Pitching for Asheville Tourists : RHP Frank DeJiulio
|
|
Batting: LHB Mike Woodard
|
0-0: Foul Ball, location: 2F 0-1: Ball 1-1: Ball 2-1: Called Strike 2-2: Ball 3-2: DOUBLE (Line Drive, 7LM, EV 106.3 MPH)
|
|
Pitching: RHP Andy Replogle
|
|
|
Batting: LHB Derwin McNealy
|
0-0: Ball Wild Pitch! Mike Woodard to third 1-0: Ground out 6-3 (Groundball, 6, EV 83.1 MPH)
|
|
Batting: SHB Paul Hundhammer
|
0-0: Ball 1-0: Ball 2-0: Foul Ball, location: 2F 2-1: Called Strike 2-2: Ball 3-2: Foul Ball, location: 2F 3-2: SINGLE (Line Drive, 4D, EV 106.9 MPH) Mike Woodard scores
|
|
Batting: LHB Pat Dodson
|
0-0: Ball 1-0: Ball 2-0: Foul Ball, location: 2F 2-1: Ball 3-1: Ground out 4-3 (Groundball, 34, EV 101.9 MPH) Paul Hundhammer to second
|
|
Batting: RHB Michael Thompson
|
0-0: Foul Ball, location: 2F 0-1: Ball 1-1: Ball 2-1: Called Strike 2-2: Foul Ball, location: 2F 2-2: Ball 3-2: Foul Ball, location: 2F 3-2: Foul Ball, location: 2F 3-2: Ground out 5-3 (Groundball, 56, EV 86.9 MPH)
|
| Top of the 8th over - 1 run, 2 hits, 0 errors, 1 left on base; Mobile 5 - Asheville 5 |
| BOTTOM OF THE 8TH |
|
Asheville Tourists batting - Pitching for Mobile Bears : RHP Brent Adams
|
|
Batting: RHB Jack Ramirez
|
0-0: Ball 1-0: Ball 2-0: Ball 3-0: Base on Balls
|
|
Batting: RHB Ulises Infante
|
0-0: Ball 1-0: Ball 2-0: Foul Ball, location: 2F 2-1: Grounds into double play, 4-6-3 (Groundball, 4, EV 79.4 MPH)
|
|
Batting: SHB Julio Estrada
|
0-0: Ground out 4-3 (Groundball, 4, EV 85.6 MPH)
|
| Bottom of the 8th over - 0 runs, 0 hits, 0 errors, 0 left on base; Mobile 5 - Asheville 5 |
| TOP OF THE 9TH |
|
Mobile Bears batting - Pitching for Asheville Tourists : RHP Andy Replogle
|
|
Pitching: RHP Michael Culbert
|
|
|
Batting: RHB Terry Tyson
|
0-0: Ball 1-0: Ground out 6-3 (Groundball, 56, EV 90.6 MPH)
|
|
Batting: RHB Leo Vargas
|
0-0: Ground out 6-3 (Groundball, 6, EV 108.8 MPH)
|
|
Batting: SHB Vern Followell
|
0-0: Called Strike 0-1: Ground out 3-1 (Groundball, 34S, EV 74.4 MPH)
|
| Top of the 9th over - 0 runs, 0 hits, 0 errors, 0 left on base; Mobile 5 - Asheville 5 |
| BOTTOM OF THE 9TH |
|
Asheville Tourists batting - Pitching for Mobile Bears : RHP Brent Adams
|
|
Batting: RHB John Damon
|
0-0: Ball 1-0: Fly out, F8 (Line Drive, 8RD, EV 103.1 MPH)
|
|
Batting: RHB Bill Lindsey
|
0-0: Ball 1-0: DOUBLE (Groundball, 5L, EV 105.0 MPH)
|
|
Batting: SHB Dan Hanggie
|
0-0: Ball 1-0: Ball 2-0: Ball 3-0: Called Strike 3-1: Base on Balls
|
|
Batting: RHB Steven Campbell
|
0-0: Ball 1-0: Ball 2-0: Ball 3-0: Base on Balls Bill Lindsey to third Dan Hanggie to second
|
|
Batting: LHB Elias Nava
|
0-0: Swinging Strike 0-1: Ball Wild Pitch! Bill Lindsey scores
|
| Bottom of the 9th over - 1 run, 1 hit, 0 errors, 0 left on base; Mobile 5 - Asheville 6 |
|